 Dungeon Crawl Stone Soup version 0.31-b1-18-g61460d1e46 (webtiles) character file.

Game seed: 3793065488317900268

51 bnorton916 the Conjurer (level 3, -1/19 HPs)
             Began as a Deep Elf Conjurer on Jan 16, 2024.
             Was a Follower of Makhleb.
             Incinerated by a bombardier beetle (2 damage)
             ... with a burning spray
             ... on level 3 of the Dungeon.
             The game lasted 00:01:42 (1867 turns).

bnorton916 the Conjurer (Deep Elf Conjurer)         Turns: 1867, Time: 00:01:43

Health: -1/19      AC:  2    Str:  4    XL:     3   Next: 58%
Magic:  0/10       EV: 12    Int: 24    God:    Makhleb [*.....]
Gold:   118        SH:  0    Dex: 13    Spells: 7/10 levels left

rFire   . . .        (no weapon)
rCold   . . .        (no shield)
rNeg    . . .        a - +0 robe
rPois   .            (no helmet)
rElec   .            (no cloak)
rCorr   .            (no gloves)
SInv    .            (no boots)
Will    .....        (no amulet)
Stlth   +            (no ring)
HPRegen 0.23/turn    (no ring)
MPRegen 0.12/turn

%: no passive effects
@: on fire, very slightly contaminated, glowing
A: no striking features
a: Renounce Religion


You were on level 3 of the Dungeon.
You worshipped Makhleb.
Makhleb was aware of your devotion.
You visited 1 branch of the dungeon, and saw 3 of its levels.

You collected 118 gold pieces.

Inventory:

Armour
 a - a +0 robe (worn)
Talismans
 c - a flux talisman
Scrolls
 d - 2 scrolls of identify {unknown}
 e - a scroll of fog {unknown}
 g - 3 scrolls of blinking {unknown}
 h - a scroll of revelation {unknown}
Potions
 b - a potion of magic
 f - 2 potions of curing {unknown}


   Skills:
 - Level 2.4 Dodging
 - Level 2.4 Stealth
 + Level 4.4 Spellcasting
 + Level 5.2 Conjurations


You had 7 spell levels left.
You knew the following spells:

 Your Spells              Type           Power      Damage    Failure   Level
a - Magic Dart            Conj           100%       1d8       1%          1
b - Searing Ray           Conj           60%        2d6       1%          2

Your spell library contained the following spells:

 Spells                   Type           Power      Damage    Failure   Level
 Fulminant Prism          Conj/Alch      8%         3d7       32%         4
 Iskenderun's Mystic Bla  Conj/Tloc      17%        2d5       32%         4


Dungeon Overview and Level Annotations

Branches:
Dungeon (3/15)

Altars:
Makhleb

Shops:
D:1 !![


Message History

Confirm with . or Enter, or press ? or * to list all spells.
Aiming: Magic Dart (safe; 1% risk of failure)
Press: ? - help, Shift-Dir - straight line, f/p - bombardier beetle
Aim: a bombardier beetle (moderately wounded, 100% to hit)
The magic dart hits the bombardier beetle but does no damage.
The bombardier beetle is moderately wounded.
The bombardier beetle sprays incendiary fluid at you.
The burning spray hits you.
You are covered in liquid fire!
Casting: Magic Dart (safe; 1% risk of failure)
Confirm with . or Enter, or press ? or * to list all spells.
Aiming: Searing Ray (safe; 1% risk of failure)
Press: ? - help, Shift-Dir - straight line, f/p - bombardier beetle
Aim: a bombardier beetle (moderately wounded, 87% to hit)
You miscast Searing Ray.
You are very lightly contaminated with residual magic.
Nothing appears to happen.
The liquid fire burns you!
Casting: Searing Ray (safe; 1% risk of failure)
Confirm with . or Enter, or press ? or * to list all spells.
Aiming: Searing Ray (safe; 1% risk of failure)
Press: ? - help, Shift-Dir - straight line, f/p - bombardier beetle
Aim: a bombardier beetle (moderately wounded, 87% to hit)
The searing ray hits the bombardier beetle.
The bombardier beetle is severely wounded. (Press . to maintain the ray.)
The liquid fire burns you!
The searing ray misses the bombardier beetle.
The liquid fire burns you!
* * * LOW HITPOINT WARNING * * *
The bombardier beetle sprays incendiary fluid at you.
The burning spray misses you.
The searing ray hits the bombardier beetle.
The bombardier beetle is almost dead.
The liquid fire burns you!
* * * LOW HITPOINT WARNING * * *
Unknown command.
You shake off some of the fire as you move.
The liquid fire burns you!
You die...

## #. #.##
..# ... ...
#B# #... #.#
# #~~≈ #.#
.##(..####@#
......#....#
#.......##
#..†....#
#.......#
#....######
#....#≈~≈≈#
#....#~≈~≈#
#....'≈~≈~+


You could see a bombardier beetle.

Vanquished Creatures
  2 adders (D:2)
  A dart slug (D:3)
  A bat (D:3)
  4 endoplasms
  2 giant cockroaches (D:1)
  3 goblins
  2 hobgoblins
  6 kobolds
  A quokka (D:2)
  4 ball pythons
  A frilled lizard (D:2)
  3 rats
30 creatures vanquished.

Notes
Turn   | Place    | Note
-------+----------+-------------------------------------------
     0 | D:1      | bnorton916 the Deep Elf Conjurer began the quest for the
                  | Orb.
     0 | D:1      | Reached XP level 1. HP: 10/10 MP: 6/6
    10 | D:1      | Found Cekhloas's Distillery.
   390 | D:1      | Reached XP level 2. HP: 15/15 MP: 4/8
   393 | D:1      | Learned a level 2 spell: Searing Ray
   468 | D:1      | Found Tunwojyx's Armour Emporium.
   705 | D:1      | Found Zeifei's Distillery.
   976 | D:2      | Found a faded altar of an unknown god.
  1035 | D:2      | Prayed at the altar of an unknown god.
  1035 | D:2      | Became a worshipper of Makhleb the Destroyer
  1035 | D:2      | Reached * piety under Makhleb
  1131 | D:2      | Reached skill level 5 in Conjurations
  1131 | D:2      | Reached XP level 3. HP: 19/19 MP: 3/10
  1867 | D:3      | Incinerated by a bombardier beetle

Illustrated notes

Levels and vault maps discovered:
D:1:      evilmike_arrival_plus, layout_basic, serial_shops, shop, shop,
          nicolae_shop_pleasant_corner_grove
D:2:      layout_loops_corners, hellmonk_ecumenical_altar_prayer_group
D:3:      layout_basic, serial_rivers, chequers_serial_rivers_room_b,
          chequers_serial_rivers_micro_b, chequers_serial_rivers_micro_d,
          chequers_serial_rivers_small_a, chequers_serial_rivers_room_a,
          chequers_serial_rivers_small_b, serial_park_tiny_2

Skill      XL: |  1  2 |
---------------+-------+-----
Spellcasting   | 4 |  4.4
Conjurations   | 5 |  5.2
Dodging        | |  2.4
Stealth        | |  2.4

Action                     || total
---------------------------++-------
   Cast: Magic Dart        ||    63
         Searing Ray       ||     1
 Armour: Robe              ||     4
  Dodge: Dodged            ||     3
